Map: Blackpink LE

Players

Stats - Winner!

  • Race: Protoss Protoss
  • Spawn Location: 7:00

BluE

  • Race: Protoss Protoss
  • Spawn Location: 1:00

Event: IEM Season 12 - Katowice

VOD

Have the link to the VOD?

Description

Time

  • Played on: Feb. 26, 2018, 4:28 a.m.
  • Length: 8:24

All games in this series

Show
View Real Time Build Order
Export as new Build Order

Stats Protoss - Winner!

Build Orders: Phoenix Opening, Blink Stalkers 

Get SALT Encoding   

  12  0:01  Probe  
  13  0:13  Probe  
  14  0:18  Pylon  
  14  0:25  Probe (Chrono Boost)  
  15  0:36  Gateway  
  15  0:38  Probe (Chrono Boost)  
  16  0:45  Probe (Chrono Boost)  
  16  0:46  Assimilator  
  17  0:52  Probe  
  17  0:54  Assimilator  
  19  1:04  Probe (Chrono Boost)  
  19  1:07  Gateway  
  19  1:14  Probe (Chrono Boost)  
  20  1:19  Probe (Chrono Boost)  
  20  1:24  Cybernetics Core  
  21  1:30  Probe  
  22  1:34  Pylon  
  22  1:42  Probe  
  23  1:54  Probe  
  23  1:58  Warp Gate (Chrono Boost)  
  24  2:01  Stalker  
  24  2:02  Sentry  
  28  2:13  Pylon  
  28  2:23  Pylon  
  28  2:28  Stalker  
  30  2:32  Stalker  
  32  2:48  Nexus  
  32  3:00  Shield Battery  
  32  3:06  Twilight Council  
  32  3:09  Phoenix  
  32  3:14  Probe  
  33  3:26  Probe  
  34  3:38  Probe  
  34  3:39  Blink (Chrono Boost)  
  35  3:46  Pylon  
  35  3:50  Probe  
  36  4:00  Probe (Chrono Boost)  
  38  4:02  Probe (Chrono Boost)  
  38  4:04  Stalker x2  
  42  4:14  Probe x2 (Chrono Boost)  
  43  4:19  Probe x2 (Chrono Boost)  
  45  4:27  Stalker x2  
  45  4:31  Probe x2  
  50  4:36  Forge  
  50  4:37  Pylon  
  51  4:43  Probe x2  
  53  4:51  Stalker x2  
  57  4:55  Probe x2  
  59  5:03  Protoss Ground Weapons Level 1 (Chrono Boost)  
  59  5:10  Probe x2, Pylon  
  61  5:17  Nexus  
  61  5:22  Phoenix  
  61  5:23  Sentry x2  
  65  5:29  Charge  
  65  5:31  Robotics Facility  
  65  5:38  Probe x2  
  67  5:50  Probe x2  
  67  5:54  Gateway x2  
  69  5:57  Gateway  
  69  6:02  Gateway  
  69  6:03  Gateway  
  69  6:08  Gateway  
  69  6:09  Probe  
  69  6:10  Probe  
  71  6:16  Pylon  
  71  6:19  Observer (Chrono Boost)  
  72  6:27  Probe x2  
  72  6:28  Probe  
  72  6:31  Photon Cannon  
  75  6:36  Warp Prism (Chrono Boost)  
  77  6:40  Photon Cannon  
  77  6:43  Pylon  
  77  6:44  Probe x3  
  80  6:59  Pylon  
  81  7:01  Photon Cannon  
  81  7:02  Zealot x4  
  81  7:08  Zealot x3  
  94  7:09  Zealot  
  94  7:11  Observer  
  97  7:17  Pylon  
  97  7:20  Pylon  
  97  7:23  Zealot x2  
  97  7:29  Zealot  
  103  7:30  Zealot x2  
  103  7:33  Zealot  
  109  7:41  Zealot x2  
  113  7:55  Observer  
  113  8:00  Zealot x6  
  119  8:06  Zealot x2  
  122  8:21  Zealot x4  
  122  8:22  Zealot  
Show
View Real Time Build Order
Export as new Build Order

BluE Protoss 

Build Orders: Oracle Opening 

Get SALT Encoding   

  12  0:00  Probe  
  13  0:12  Probe  
  14  0:17  Pylon  
  14  0:25  Probe (Chrono Boost)  
  15  0:37  Probe (Chrono Boost)  
  15  0:38  Gateway  
  16  0:44  Probe (Chrono Boost)  
  16  0:47  Assimilator  
  17  0:51  Probe (Chrono Boost)  
  18  0:59  Assimilator  
  18  1:03  Probe (Chrono Boost)  
  19  1:09  Gateway  
  19  1:13  Probe (Chrono Boost)  
  20  1:20  Probe  
  21  1:27  Cybernetics Core  
  21  1:32  Probe  
  22  1:37  Pylon  
  22  1:44  Probe  
  23  2:00  Probe  
  24  2:03  Adept x2  
  24  2:04  Warp Gate  
  28  2:15  Stargate  
  28  2:17  Probe  
  29  2:30  Stalker  
  31  2:41  Pylon  
  31  2:58  Oracle (Chrono Boost)  
  31  2:59  Probe  
  34  3:12  Probe  
  35  3:14  Nexus  
  35  3:22  Stalker  
  37  3:32  Oracle (Chrono Boost)  
  36  3:39  Shield Battery  
  36  3:46  Pylon  
  36  3:47  Probe  
  37  4:00  Robotics Facility  
  37  4:04  Probe  
  38  4:17  Probe (Chrono Boost)  
  39  4:24  Sentry  
  39  4:29  Probe (Chrono Boost)  
  43  4:33  Probe (Chrono Boost)  
  43  4:36  Probe (Chrono Boost)  
  44  4:40  Probe (Chrono Boost), Twilight Council  
  44  4:42  Probe  
  46  4:48  Observer  
  46  4:51  Probe  
  48  4:53  Forge  
  48  4:54  Probe  
  49  5:03  Probe  
  49  5:06  Probe  
  51  5:09  Pylon, Immortal  
  51  5:11  Assimilator  
  51  5:13  Assimilator  
  55  5:14  Charge (Chrono Boost)  
  55  5:15  Probe  
  55  5:20  Probe  
  57  5:27  Probe  
  57  5:28  Protoss Ground Weapons Level 1 (Chrono Boost)  
  58  5:32  Probe  
  59  5:39  Probe  
  59  5:41  Pylon  
  60  5:44  Probe  
  61  5:51  Probe, Dark Shrine  
  61  5:56  Pylon  
  61  5:57  Probe  
  63  6:08  Warp Prism  
  63  6:10  Nexus  
  63  6:11  Probe  
  66  6:19  Zealot x2  
  66  6:24  Probe  
  68  6:31  Probe  
  69  6:36  Pylon  
  69  6:37  Gateway  
  69  6:38  Probe, Gateway  
  70  6:41  Templar Archives  
  70  6:43  Probe  
  71  6:56  Immortal  
  71  6:59  Probe  
  71  7:00  Probe  
  74  7:04  Pylon  
  74  7:12  Probe (Chrono Boost)  
  74  7:14  Probe (Chrono Boost)  
  76  7:18  Dark Templar x2  
  76  7:22  Pylon  
  80  7:23  Probe (Chrono Boost)  
  83  7:30  Probe x2 (Chrono Boost)  
  83  7:31  Probe (Chrono Boost)  
  84  7:41  Dark Templar  
  84  7:42  Dark Templar  
  77  7:44  Probe  
  76  7:55  Zealot x2  
  32  8:14  Dark Templar x2  

Tags
 
Add a new tag
Caveats
  • Supply blocks, unpowered buildings, or Contaminate may cause inaccurate times.
  • Supply counts are checked every 10 seconds.